 Dungeon Crawl Stone Soup version 0.31.0-9-g3a7656b989 (webtiles) character file.

Game seed: 17798590982069498744

124 qw the Shooter (level 4, -5/23 HPs)
             Began as a Spriggan Hunter on Feb 2, 2024.
             Slain by an orc
             ... wielding a +0 hand axe of electrocution
              (7 damage)
             ... on level 6 of the Dungeon.
             The game lasted 00:00:07 (1403 turns).

qw the Shooter (Spriggan Hunter)                    Turns: 1403, Time: 00:00:07

Health: -5/23      AC:  2    Str:  7    XL:     4   Next: 81%
Magic:  5/5        EV: 20    Int: 10    God:
Gold:   131        SH:  0    Dex: 20    Spells: 3/3 levels left

rFire   . . .        a - +0 shortbow
rCold   . . .        (shield currently unavailable)
rNeg    . . .        c - +0 robe
rPois   .            (helmet restricted)
rElec   .            (no cloak)
rCorr   .            (gloves unavailable)
SInv    +            (boots unavailable)
Will    .....        (no amulet)
Stlth   ++           (no ring)
HPRegen 0.23/turn    (no ring)
MPRegen 0.09/turn

%: no passive effects
@: about to teleport, very quick
A: very small, no large weapons, unfitting armour, see invisible, speed 3
a: no special abilities


You were on level 6 of the Dungeon.
You visited 1 branch of the dungeon, and saw 4 of its levels.

You collected 131 gold pieces.


Innate Abilities, Weirdness & Mutations

You are very small and have problems with some larger weapons.
You are too small for most types of armour.
You have supernaturally acute eyesight. (SInv)
You cover ground extremely quickly. (Speed+++)


   Skills:
 - Level 2.1 Fighting
 + Level 5.0 Ranged Weapons
 - Level 5.0 Dodging
 - Level 1.5 Stealth


You had 3 spell levels left.
You didn't know any spells.
Your spell library was empty.

Inventory:

Hand Weapons
 a - a +0 shortbow (weapon)
Armour
 c - a +0 robe (worn)
Potions
 d - a potion of might

Dungeon Overview and Level Annotations

Branches:
Dungeon (6/15)
 Temple: D:4-7

Altars:
Vehumet

Annotations:
D:1 1 transporter


Message History

The orc wizard hits you with a +0 dagger.
You shoot an arrow. The arrow hits the orc wizard!
The orc wizard is severely wounded.
The orc completely misses you. The orc wizard closely misses you.
The orc hits you but does no damage.
You shoot an arrow.
The arrow hits the orc wizard but does no damage.
The orc wizard is severely wounded.
The orc misses you.
The orc wizard hits you with a +0 dagger.
The orc hits you but does no damage.
You shoot an arrow. The arrow barely misses the orc wizard.
The orc hits you with a +0 hand axe of electrocution.
The orc wizard hits you with a +0 dagger.
The orc hits you with a +0 dagger.
You shoot an arrow. The arrow hits the orc wizard.
The orc wizard is almost dead.
The orc completely misses you.
The orc wizard hits you with a +0 dagger.
The orc misses you.
You shoot an arrow. The arrow hits the orc wizard.
You kill the orc wizard!
The orc completely misses you.
Your Fighting skill increases to level 2!
You shoot an arrow.
The arrow barely misses the orc warrior.
The orc barely misses you. The orc completely misses you.
The orc warrior closely misses you. The orc closely misses you.
The orc warrior hits you with a +0 dire flail!
The orc closely misses you.
1402 ||| READING scroll of teleportation.
As you read the scroll of teleportation, it crumbles to dust.
You feel strangely unstable. The orc closely misses you.
The orc warrior completely misses you. The orc barely misses you.
You shoot an arrow.
The arrow closely misses the orc warrior.
The orc misses you. The orc warrior completely misses you.
The orc hits you with a +0 hand axe of electrocution!
You die...

. ## .##.# #...##
#.... #..$# .# #...##
..# #oo..##....
#@o........
#####..<.....
##.#..........
####...........[.
#...............#
###................
#..................
#...#.......#......
......##....>........


You could see an orc warrior and 2 orcs.

Vanquished Creatures
  An orc wizard (D:6)
  5 adders
  2 dart slugs (D:2)
  2 ribbon worms (D:2)
  4 endoplasms
  A giant cockroach (D:1)
  5 goblins
  5 hobgoblins
  3 quokkas
  3 ball pythons
  7 bats
  3 frilled lizards
  2 kobolds
  3 rats
46 creatures vanquished.

Notes
Turn   | Place    | Note
-------+----------+-------------------------------------------
     0 | D:1      | qw the Spriggan Hunter began the quest for the Orb.
     0 | D:1      | Reached XP level 1. HP: 10/10 MP: 2/2
     0 | D:1      | 0 ||| qw: Version: 0.3-a-155-g5e7d8dd
     0 | D:1      | 0 ||| qw: Game counter: 750
     0 | D:1      | 0 ||| qw: Melee chars always use a shield: true
     0 | D:1      | 0 ||| qw: God list: Okawaru
     0 | D:1      | 0 ||| qw: Allow faded altars: false
     0 | D:1      | 0 ||| qw: Do Orc after clearing Dungeon:15 true
     0 | D:1      | 0 ||| qw: Do second Lair branch before Depths: true
     0 | D:1      | 0 ||| qw: Lair rune preference: random
     0 | D:1      | 0 ||| qw: Goals: Normal
     0 | D:1      | 0 ||| PLANNING D:1-11
    21 | D:1      | Reached skill level 3 in Dodging
    74 | D:1      | Reached XP level 2. HP: 14/14 MP: 3/3
   338 | D:1      | 338 ||| READING scroll labelled TEOMOUK FERO.
   343 | D:1      | 343 ||| READING 2 scrolls labelled OSOBON OTELA.
   343 | D:1      | 343 ||| IDENTIFYING golden potion
   344 | D:1      | 344 ||| DROPPING scroll of butterflies.
   345 | D:1      | 345 ||| DROPPING potion of invisibility.
   367 | D:2      | 367 ||| STAIRDANCE
   454 | D:2      | Reached XP level 3. HP: 18/18 MP: 4/4
   963 | D:2      | Reached XP level 4. HP: 12/22 MP: 5/5
  1166 | D:2      | 1166 ||| READING 2 scrolls of identify.
  1166 | D:2      | 1166 ||| IDENTIFYING blue potion
  1167 | D:2      | 1167 ||| READING scroll of identify.
  1167 | D:2      | 1167 ||| IDENTIFYING scroll labelled YCACETHR NUEPOS
  1168 | D:2      | 1168 ||| DROPPING scroll of fear.
  1285 | D:3      | Found a radiant altar of Vehumet.
  1333 | D:3      | 1333 ||| READING scroll labelled ENOL LANLEUHER.
  1381 | D:3      | You fall into a shaft and drop 3 floors!
  1391 | D:6      | Noticed an orc warrior
  1392 | D:6      | 1392 ||| FLEEEEING.
  1393 | D:6      | 1393 ||| RETREEEEATING.
  1394 | D:6      | 1394 ||| RETREEEEATING.
  1401 | D:6      | HP: 1/23 [orc warrior/+0 dire flail (11)]
  1402 | D:6      | 1402 ||| READING scroll of teleportation.
  1403 | D:6      | Slain by an orc

Levels and vault maps discovered:
D:1:      spicycebolla_arrival_risky_transporter, layout_basic
D:2:      minmay_angry_zag, layout_loops_ring, nicolae_wormholes
D:3:      layout_rooms, nicolae_vehumet_radiance,
          nicolae_qazlal_beasts_of_the_sky, mainiacjoe_overflow_alcove_4,
          nicolae_concentric_dashed_squares_wild,
          nicolae_elevator_lobby_asterisk, uniq_crazy_yiuf_cottage, uniq_jessica
D:6:      layout_cave_pools, zin_treasury, serial_gnoll_camp,
          gnoll_camp_mini_hut, gnoll_camp_huts_moat, gnoll_camp_mini_basic,
          gnoll_camp_mini_hut, minmay_gold_behind_fungi,
          nicolae_twisty_statue_hallways

Skill      XL: |  1  2  3  4 |
---------------+-------------+-----
Dodging        | 3 4 5 |  5.0
Ranged Weapons | 5 |  5.0
Fighting       | 2 |  2.1
Stealth        | |  1.5

Action                     |  1- 3 |  4- 6 || total
---------------------------+-------+-------++-------
   Fire: Shortbow          |   126 |    34 ||   160
    Use: Scroll            |     2 |     4 ||     6
 Armour: Robe              |    16 |    11 ||    27
  Dodge: Dodged            |    51 |    27 ||    78

Table legend:
 A = Non-vault XP
 B = Vault XP
 C = Vault XP percentage of total XP
 D = Non-vault monster count
 E = Vault monster count
 F = Vault count percentage of total count
                 A         B        C        D         E       F
            +---------+---------+-------+---------+---------+-------
      Total |     167 |      11 |   6.2 |      42 |       4 |   8.7
            +---------+---------+-------+---------+---------+-------
        D:1 |      30 |       0 |   0.0 |      18 |       0 |   0.0
        D:2 |      71 |      11 |  13.4 |      18 |       4 |  18.2
        D:3 |      31 |       0 |   0.0 |       5 |       0 |   0.0
        D:6 |      35 |       0 |   0.0 |       1 |       0 |   0.0
            +---------+---------+-------+---------+---------+-------
